[Event "1000GM Schev-G6 March 2024"]
[Site "Santa Clara"]
[Date "2024.03.09"]
[Round "1.1"]
[White "Yuan, Serena"]
[Black "Monroy G., Nataly A."]
[Result "0-1"]
[ECO "E66"]
[WhiteElo "1929"]
[BlackElo "1925"]
[Annotator "RC"]
[PlyCount "102"]
[EventDate "2024.03.06"]
[EventType "schev"]
[EventCountry "USA"]
[SourceTitle "playchess.com"]
[Source "ChessBase"]
[SourceQuality "1"]
[TimeControl "5400+30"]

1. d4 Nf6 2. c4 g6 3. Nf3 Bg7 4. g3 O-O 5. Bg2 d6 6. O-O c5 7. Nc3 Nc6 8. d5 Na5 9. Nd2 a6 10. Rb1 b5 11. cxb5 axb5 12. Nxb5 Qb6 13. Nc3 Ng4 14. h3 Ne5 15. Qc2 Bf5 16. e4 Bc8 17. Nf3 Ba6 18. Rd1 Rfb8 19. Nxe5 Bxe5 20. b3 Bd4 21. Ne2 Bg7 22. Be3 Qb4 23. Bd2 Qb5 24. Bf1 Qd3 25. Qc1 Qxe4 26. Bxa5 Bxe2 27. Bxe2 Qxe2 28. Qd2 Qxd2 29. Bxd2 Rxa2 30. b4 Bd4 31. b5 Bb2 32. Bc1 Rxb5 33. Kf1 c4 34. Bxb2 Rbxb2 35. Rxb2 Rxb2 36. Rc1 Rd2 37. Rxc4 Rxd5 38. Ke2 Kg7 39. Rf4 g5 40. Rf3 h5 41. g4 hxg4 42. hxg4 Rd4 43. Rg3 e6 44. Ke3 Ra4 45. f3 Kf6 46. Rh3 Ke5 47. Rh7 f6 48. Rh6 d5 49. Rg6 Rf4 50. Rg7 d4+ 51. Ke2 d3+ 0-1

[Event "1000GM Schev-G6 March 2024"]
[Site "Santa Clara"]
[Date "2024.03.09"]
[Round "1.2"]
[White "Wu, Jayden"]
[Black "Gonzalez Zharikov, Andrey"]
[Result "0-1"]
[ECO "B17"]
[WhiteElo "1909"]
[BlackElo "1993"]
[Annotator "RC"]
[PlyCount "62"]
[EventDate "2024.03.06"]
[EventType "schev"]
[EventCountry "USA"]
[SourceTitle "playchess.com"]
[Source "ChessBase"]
[SourceQuality "1"]
[TimeControl "5400+30"]

1. e4 c6 2. d4 d5 3. Nc3 dxe4 4. Nxe4 Nd7 5. Bd3 Ngf6 6. Ng5 e6 7. Qe2 Bd6 8. N1f3 h6 9. Ne4 Nxe4 10. Qxe4 Nf6 11. Qe2 Qc7 12. O-O O-O 13. c3 b6 14. h3 Bb7 15. Ne5 c5 16. Ng4 Nxg4 17. Qxg4 cxd4 18. cxd4 Bd5 19. f4 f5 20. Qe2 Be7 21. b3 Bf6 22. Bb2 a5 23. Rac1 Qd6 24. Bc4 a4 25. Bxd5 Qxd5 26. Rfe1 axb3 27. Qxe6+ Qxe6 28. Rxe6 Rxa2 29. Bc3 Rc8 30. Kh2 Rc2 31. Rxc2 bxc2 0-1

[Event "1000GM Schev-G6 March 2024"]
[Site "Santa Clara"]
[Date "2024.03.09"]
[Round "1.3"]
[White "Qi, Jenny"]
[Black "Rivera, Alberto"]
[Result "1/2-1/2"]
[ECO "B48"]
[WhiteElo "1764"]
[BlackElo "2290"]
[Annotator "RC"]
[PlyCount "94"]
[EventDate "2024.03.06"]
[EventType "schev"]
[EventCountry "USA"]
[SourceTitle "playchess.com"]
[Source "ChessBase"]
[SourceQuality "1"]
[TimeControl "5400+30"]

1. e4 c5 2. Nf3 e6 3. d4 cxd4 4. Nxd4 Nc6 5. Nc3 Qc7 6. Be3 a6 7. Qf3 Nf6 8. O-O-O Ne5 9. Qg3 b5 10. a3 h5 11. h4 Rb8 12. Bf4 d6 13. Bxb5+ Bd7 14. Bxe5 dxe5 15. Bxa6 Qb6 16. Ndb5 Be7 17. Na4 Qc6 18. Qc3 Nxe4 19. Qxe5 Rxb5 20. Bxb5 Qxb5 21. Qxe4 Qxa4 22. Rd4 Qc6 23. Qd3 Bc8 24. Qc4 Bb7 25. Rhd1 Qxg2 26. Rd7 Qc6 27. Qxc6 Bxc6 28. Rc7 Bd5 29. c4 Bd8 30. Rc8 Kd7 31. Rc5 Bb6 32. Rb5 Kc6 33. Rxb6+ Kxb6 34. cxd5 exd5 35. Rxd5 Rh6 36. Rf5 f6 37. Kd2 Rh8 38. Kc3 Kc6 39. b4 Kb6 40. a4 Rc8+ 41. Kb3 Rc1 42. a5+ Ka6 43. Rxh5 Rb1+ 44. Kc3 Rc1+ 45. Kb3 Rb1+ 46. Kc3 Rc1+ 47. Kb3 Rb1+ 1/2-1/2

[Event "1000GM Schev-G6 March 2024"]
[Site "Santa Clara"]
[Date "2024.03.09"]
[Round "1.4"]
[White "Lorenzana, Wilson Estuardo"]
[Black "Zhuge, Katherine"]
[Result "1-0"]
[ECO "B12"]
[WhiteElo "2074"]
[BlackElo "1798"]
[Annotator "RC"]
[PlyCount "63"]
[EventDate "2024.03.06"]
[EventType "schev"]
[EventCountry "USA"]
[SourceTitle "playchess.com"]
[Source "ChessBase"]
[SourceQuality "1"]
[TimeControl "5400+30"]

1. e4 c6 2. d4 d5 3. e5 Bf5 4. c4 e6 5. Nc3 Ne7 6. h3 dxc4 7. Bxc4 Nd5 8. Nge2 h6 9. O-O Be7 10. Nxd5 cxd5 11. Bd3 Bxd3 12. Qxd3 Nc6 13. a3 O-O 14. b4 Rc8 15. f4 Qb6 16. Be3 a5 17. b5 Na7 18. a4 Rc4 19. f5 Rfc8 20. f6 Bf8 21. fxg7 Bxg7 22. Rxf7 Kxf7 23. Qh7 Qd8 24. Rf1+ Ke8 25. Qg8+ Kd7 26. Rf7+ Qe7 27. Rxe7+ Kxe7 28. Qxg7+ Kd8 29. Bxh6 R4c7 30. Bg5+ Ke8 31. Qg8+ Kd7 32. Qf7# 1-0

[Event "1000GM Schev-G6 March 2024"]
[Site "Santa Clara"]
[Date "2024.03.09"]
[Round "1.5"]
[White "Garduno Huerta, Joshua Emiliano"]
[Black "Penagalapati, Anvitha"]
[Result "1-0"]
[ECO "D55"]
[WhiteElo "1941"]
[BlackElo "1642"]
[Annotator "RC"]
[PlyCount "59"]
[EventDate "2024.03.06"]
[EventType "schev"]
[EventCountry "USA"]
[SourceTitle "playchess.com"]
[Source "ChessBase"]
[SourceQuality "1"]
[TimeControl "5400+30"]

1. d4 Nf6 2. c4 e6 3. Nc3 d5 4. Nf3 Be7 5. Bg5 O-O 6. e3 h6 7. Bxf6 Bxf6 8. Qd2 c6 9. O-O-O dxc4 10. h4 b5 11. g4 e5 12. g5 hxg5 13. dxe5 Bg4 14. exf6 Qxf6 15. hxg5 Qxf3 16. Be2 Qf5 17. Bxg4 Qxg4 18. f4 Qe6 19. Qh2 f5 20. g6 Qxg6 21. Rdg1 Qf6 22. Rg5 Kf7 23. Qh7 Ke8 24. Rxg7 Rf7 25. Rxf7 Qxf7 26. Qh8+ Qf8 27. Qe5+ Qe7 28. Rh8+ Kd7 29. Qxf5+ Kd6 30. Ne4+ 1-0

[Event "1000GM Schev-G6 March 2024"]
[Site "Santa Clara"]
[Date "2024.03.10"]
[Round "2.1"]
[White "Gonzalez Zharikov, Andrey"]
[Black "Yuan, Serena"]
[Result "1-0"]
[ECO "B33"]
[WhiteElo "1993"]
[BlackElo "1929"]
[Annotator "RC"]
[PlyCount "77"]
[EventDate "2024.03.06"]
[EventType "schev"]
[EventCountry "USA"]
[SourceTitle "playchess.com"]
[Source "ChessBase"]
[SourceQuality "1"]
[TimeControl "5400+30"]

1. e4 c5 2. Nf3 Nc6 3. d4 cxd4 4. Nxd4 Nf6 5. Nc3 e5 6. Ndb5 d6 7. Nd5 Nxd5 8. exd5 Nb8 9. c4 Be7 10. Be2 a6 11. Nc3 O-O 12. O-O f5 13. Kh1 Nd7 14. f3 Bg5 15. b4 b6 16. Bxg5 Qxg5 17. Qc1 Qxc1 18. Rfxc1 Bb7 19. Bd1 Rac8 20. Bb3 g6 21. a3 Kg7 22. Rc2 Rce8 23. Ba4 Re7 24. Bxd7 Rxd7 25. Na4 b5 26. Nb6 Rc7 27. c5 Rd8 28. c6 Bc8 29. a4 f4 30. axb5 axb5 31. Ra8 Rf8 32. Rca2 Bf5 33. R2a7 Rff7 34. Rxc7 Rxc7 35. Rb8 e4 36. fxe4 Bxe4 37. Rb7 Rf7 38. Rxf7+ Kxf7 39. c7 1-0

[Event "1000GM Schev-G6 March 2024"]
[Site "Santa Clara"]
[Date "2024.03.10"]
[Round "2.2"]
[White "Rivera, Alberto"]
[Black "Wu, Jayden"]
[Result "0-1"]
[ECO "B13"]
[WhiteElo "2290"]
[BlackElo "1909"]
[Annotator "TA"]
[PlyCount "88"]
[EventDate "2024.03.06"]
[EventType "schev"]
[EventCountry "USA"]
[SourceTitle "playchess.com"]
[Source "ChessBase"]
[SourceQuality "1"]
[TimeControl "5400+30"]

1. d4 Nf6 2. Nc3 d5 3. Bf4 c5 4. e3 cxd4 5. exd4 Bg4 6. f3 Bf5 (6... Bd7 $11) 7. g4 (7. Nb5 $1 $16 {[%cal Rb5c7] Und jetzt Nc7+ wäre schön.} Na6 8. g4) 7... Bg6 (7... Bd7 $1 $11 {sieht stärker aus.}) 8. h4 {[%emt 0:00:00][%cal Bh2h4,Bh4h5][%mdl 32] Weiß steht etwas besser.} h6 9. Nb5 Na6 10. c3 e6 11. Nh3 Be7 12. h5 Bh7 13. Bd3 Bxd3 14. Qxd3 Qb6 {[%emt 0:00:00] [#]} (14... Kf8 $14 {kam in Betracht.}) 15. a4 $1 $16 Qc6 16. O-O O-O 17. Rf2 Nh7 18. Qd2 ({Günstiger ist} 18. Qe3) 18... Qd7 19. Re1 (19. Rg2 $16) 19... b6 $2 {[%emt 0:00:00] [#]} (19... Bh4 $15 {bleibt weiter vorne.}) 20. Rg2 $1 Qd8 21. b4 Ng5 22. Nxg5 Bxg5 23. Bxg5 Qxg5 24. Qxg5 ({Vorzuziehen ist} 24. f4 $16 Qh4 25. Qe3) 24... hxg5 $14 25. Re5 (25. Ra2 $14) 25... Rac8 26. Re3 (26. Nxa7 $2 Rxc3 27. Rb2 Rc4 $19) 26... Nc7 27. Na3 (27. Nxa7 $11 Ra8 28. Nb5 Nxb5 29. axb5) 27... Ne8 $15 28. Nb1 {[%emt 0:01:24] Ab hier gerät Weiß ins Schliddern.} Kh7 29. Rf2 Nd6 30. Re5 Kh6 31. Kh2 Nc4 32. Re1 g6 33. hxg6 Kxg6 34. f4 (34. Rh1 $142) 34... Rh8+ $19 35. Kg3 gxf4+ 36. Rxf4 Nd6 37. Re3 $2 (37. Rff1) 37... Ne4+ 38. Kg2 Rh7 39. Rfxe4 dxe4 40. Rxe4 {[%emt 0:00:26] KRR-KRN} Rch8 {[%emt 0:00:35] ...Rh1 wäre nun fies.} 41. Kg3 Rh1 {[%emt 0:00:59] Schwarz steht klar auf Gewinn.} 42. Nd2 R8h3+ 43. Kf4 Rxc3 44. Ke5 (44. Nf3 $142) 44... Rd1 {[%emt 0:00:27] Gewichteter Fehlerwert: Weiß=0.41/Schwarz=0.19 (sehr präzise) .  Fehler:       	Weiß=9     	Schwarz=4     Ungenau:       	Weiß=4     	Schwarz=1     OK:         	Weiß=9     	Schwarz=18    Bester:       	Weiß=1     	Schwarz=1     Stark:        	Weiß=2     	---} 0-1

[Event "1000GM Schev-G6 March 2024"]
[Site "Santa Clara"]
[Date "2024.03.10"]
[Round "2.3"]
[White "Lorenzana, Wilson Estuardo"]
[Black "Qi, Jenny"]
[Result "1/2-1/2"]
[ECO "B51"]
[WhiteElo "2074"]
[BlackElo "1764"]
[Annotator "RC"]
[PlyCount "119"]
[EventDate "2024.03.06"]
[EventType "schev"]
[EventCountry "USA"]
[SourceTitle "playchess.com"]
[Source "ChessBase"]
[SourceQuality "1"]
[TimeControl "5400+30"]

1. e4 c5 2. Nf3 d6 3. Bb5+ Nd7 4. O-O a6 5. Bd3 Ngf6 6. Re1 b5 7. c3 Bb7 8. Bc2 g6 9. d4 cxd4 10. cxd4 Bg7 11. a3 O-O 12. Nc3 Rc8 13. h3 Nb6 14. Qe2 Nfd7 15. Bg5 Re8 16. Rac1 Rc7 17. Bb3 Qc8 18. e5 dxe5 19. dxe5 e6 20. Ne4 Bxe4 21. Qxe4 Nc5 22. Qe3 Nxb3 23. Qxb3 Nd5 24. Qd3 Qb8 25. Qd2 Rec8 26. Bh6 Rxc1 27. Rxc1 Rxc1+ 28. Qxc1 Qc7 29. Qxc7 Nxc7 30. Bxg7 Kxg7 31. Kf1 Nd5 32. g3 f6 33. Ke2 Nb6 34. b3 fxe5 35. Nxe5 a5 36. Kd3 a4 37. bxa4 Nxa4 38. Kd4 Kf6 39. Nc6 Kf5 40. Na7 e5+ 41. Kd3 Nb2+ 42. Ke2 h5 43. Nxb5 g5 44. Nc3 e4 45. a4 Nc4 46. Nd1 Ke5 47. Ne3 Na5 48. Kd2 Kd4 49. Kc2 Nb7 50. Kd2 Nc5 51. Nf5+ Ke5 52. Ng7 h4 53. gxh4 gxh4 54. Ke3 Nxa4 55. f3 exf3 56. Kxf3 Nc3 57. Kg4 Ne4 58. Kxh4 Nf2 59. Kg3 Nxh3 60. Kxh3 1/2-1/2

[Event "1000GM Schev-G6 March 2024"]
[Site "Santa Clara"]
[Date "2024.03.10"]
[Round "2.4"]
[White "Zhuge, Katherine"]
[Black "Garduno Huerta, Joshua Emiliano"]
[Result "0-1"]
[ECO "C99"]
[WhiteElo "1798"]
[BlackElo "1941"]
[Annotator "RC"]
[PlyCount "130"]
[EventDate "2024.03.06"]
[EventType "schev"]
[EventCountry "USA"]
[SourceTitle "playchess.com"]
[Source "ChessBase"]
[SourceQuality "1"]
[TimeControl "5400+30"]

1. e4 e5 2. Nf3 Nc6 3. Bb5 a6 4. Ba4 Nf6 5. O-O Be7 6. Re1 b5 7. Bb3 d6 8. c3 O-O 9. h3 Na5 10. Bc2 c5 11. d4 Qc7 12. Nbd2 cxd4 13. cxd4 Bb7 14. Nf1 Rac8 15. Bd3 d5 16. dxe5 Nxe4 17. Bf4 Nc4 18. Qe2 Bc5 19. Bxe4 dxe4 20. Ng5 Bd4 21. Rab1 Bxe5 22. Bxe5 Qxe5 23. Nxe4 Rce8 24. Nc3 Qxe2 25. Rxe2 Rxe2 26. Nxe2 Be4 27. Rd1 Nxb2 28. Rd6 b4 29. Rd4 Bd3 30. Nf4 Bxf1 31. Kxf1 a5 32. Nd5 Ra8 33. Nb6 Rb8 34. Nd7 Rc8 35. Nb6 Rb8 36. Nd7 Re8 37. Nb6 a4 38. Rxb4 Nd3 39. Rb1 Rb8 40. Rd1 Nc5 41. Rd4 Ne6 42. Rd6 a3 43. Nc4 Kf8 44. Nxa3 Ra8 45. Rd3 Nc5 46. Rc3 Ne4 47. Re3 Nd6 48. Ke2 g6 49. Rd3 Ke7 50. Re3+ Kf6 51. Rd3 Ke6 52. Kd2 Rxa3 53. Rxa3 Nc4+ 54. Kc3 Nxa3 55. Kb4 Nc2+ 56. Kc3 Ne1 57. g3 Nf3 58. Kd3 Ne5+ 59. Kd4 Kd6 60. f4 Nd7 61. g4 f6 62. h4 Nf8 63. f5 gxf5 64. gxf5 Nd7 65. a4 Nc5 0-1

[Event "1000GM Schev-G6 March 2024"]
[Site "Santa Clara"]
[Date "2024.03.10"]
[Round "2.5"]
[White "Penagalapati, Anvitha"]
[Black "Monroy G., Nataly A."]
[Result "0-1"]
[ECO "B25"]
[WhiteElo "1642"]
[BlackElo "1925"]
[Annotator "RC"]
[PlyCount "62"]
[EventDate "2024.03.06"]
[EventType "schev"]
[EventCountry "USA"]
[SourceTitle "playchess.com"]
[Source "ChessBase"]
[SourceQuality "1"]
[TimeControl "5400+30"]

1. e4 c5 2. Nc3 g6 3. f4 Bg7 4. Nf3 d6 5. a4 Nf6 6. g3 Nc6 7. Bg2 Rb8 8. O-O O-O 9. d3 a6 10. h3 b5 11. axb5 axb5 12. g4 b4 13. Ne2 Bb7 14. Ng3 Nd7 15. Qe1 Nd4 16. Nxd4 Bxd4+ 17. Kh2 Bg7 18. c3 bxc3 19. bxc3 Bc6 20. Qd2 Rb3 21. d4 e6 22. Ba3 Qh4 23. Rfb1 Rfb8 24. Rxb3 Rxb3 25. Ne2 Bb5 26. Nc1 Rxc3 27. Qxc3 Bxd4 28. Qb3 Qf2 29. Ra2 Qg1+ 30. Kg3 Qe1+ 31. Kf3 Bc4 0-1

[Event "1000GM Schev-G6 March 2024"]
[Site "Santa Clara"]
[Date "2024.03.10"]
[Round "3.1"]
[White "Yuan, Serena"]
[Black "Rivera, Alberto"]
[Result "1/2-1/2"]
[ECO "D77"]
[WhiteElo "1929"]
[BlackElo "2290"]
[Annotator "TA"]
[PlyCount "93"]
[EventDate "2024.03.06"]
[EventType "schev"]
[EventCountry "USA"]
[SourceTitle "playchess.com"]
[Source "ChessBase"]
[SourceQuality "1"]
[TimeControl "5400+30"]

1. d4 d5 2. Nf3 Nf6 3. c4 e6 4. g3 g6 5. Bg2 Bg7 6. O-O O-O 7. Qc2 c6 8. Nbd2 Nbd7 9. Rd1 Qe7 10. e4 dxe4 11. Nxe4 Nxe4 {[%emt 0:00:00] The position is equal.} 12. Qxe4 e5 13. dxe5 Nxe5 14. Nxe5 Qxe5 15. Qxe5 Bxe5 16. Be4 (16. Bh6 $11 Re8 17. Rd2) 16... Be6 $17 17. c5 Rfd8 18. Bg5 Rxd1+ 19. Rxd1 Bxa2 ({Don't play} 19... Bxb2 20. Rb1 Bd4 21. Rxb7 $11) 20. Rd7 (20. b3 $1 $15) 20... Rb8 $1 ({But not} 20... Bxb2 $6 21. Rxb7 Bd4 22. Bxc6 $11) 21. b4 Be6 22. Rd3 f6 23. Be3 a6 24. Bd4 Rd8 (24... Bxd4 $17 25. Rxd4 Re8) 25. Bxe5 $11 Rxd3 26. Bxd3 fxe5 {[%emt 0:00:00][%mdl 4096] Endgame. KB-KB} 27. f3 Kg7 28. Kf2 Kf6 29. Ke3 Bd5 30. Bc2 Be6 31. Bd3 Ke7 32. Be2 Bd5 33. Bd3 Kf6 34. Bc2 h5 35. h4 Be6 36. Bd3 Bf5 37. Bc4 Bb1 38. Bb3 Bf5 39. Bc4 Ke7 40. Bb3 Bb1 41. Bc4 Kf6 42. g4 hxg4 (42... Bc2 $11 {keeps the balance.}) 43. fxg4 $16 {[%emt 0:00:03] Black must now prevent h5.} Bc2 44. Be2 {[%emt 0:02:38] Against Bd1} (44. h5 $1 $16) 44... Bb1 (44... g5 $11 {and Black has nothing to worry.} 45. h5 Bb3) 45. Bc4 $2 (45. h5 $1 $18 {[%cal Rh5h6] is the precise move to win.}) 45... Bc2 {[%emt 0:00:18] [#]} 46. Be2 (46. h5 $1 $16) 46... Bb1 $18 {[%emt 0:00:42] [#]} 47. Bc4 $2 {[%emt 0:00:18] Weighted Error Value: White=0.25 (precise) /Black=0.30.  Loses game:     	---       	Black=1      Missed win:     	White=2     	---        Mistake:       	White=4     	Black=2      Inaccurate:     	White=1     	Black=1      OK:         	White=14    	Black=12     Best:        	White=1     	Black=2      Strong:       	---       	Black=1} ({White has to play} 47. h5 $1 $18) 1/2-1/2

[Event "1000GM Schev-G6 March 2024"]
[Site "Santa Clara"]
[Date "2024.03.10"]
[Round "3.2"]
[White "Wu, Jayden"]
[Black "Lorenzana, Wilson Estuardo"]
[Result "1/2-1/2"]
[ECO "B41"]
[WhiteElo "1909"]
[BlackElo "2074"]
[Annotator "RC"]
[PlyCount "77"]
[EventDate "2024.03.06"]
[EventType "schev"]
[EventCountry "USA"]
[SourceTitle "playchess.com"]
[Source "ChessBase"]
[SourceQuality "1"]
[TimeControl "5400+30"]

1. e4 c5 2. Nf3 e6 3. d4 cxd4 4. Nxd4 a6 5. g3 Qc7 6. Bg2 Nc6 7. Be3 Nf6 8. O-O Be7 9. Nxc6 dxc6 10. a4 e5 11. a5 Bg4 12. Qc1 Nd7 13. Nd2 O-O 14. c3 Bc5 15. Nb3 Bxe3 16. Qxe3 Be6 17. Nc5 Nxc5 18. Qxc5 Rad8 19. Rfd1 Bb3 20. Rxd8 Rxd8 21. Qb4 Bc2 22. Qc5 Rd2 23. b4 Qd6 24. Qa7 Qe7 25. h4 g6 26. Qe3 Qd8 27. Qc5 Qd6 28. Qxd6 Rxd6 29. Rc1 Rd2 30. Bf3 Kf8 31. Kf1 Bb3 32. Ke1 Rb2 33. Bd1 Be6 34. Rc2 Rb1 35. Kd2 c5 36. Rc1 Rb2+ 37. Rc2 Rb1 38. Rc1 Rb2+ 39. Rc2 1/2-1/2

[Event "1000GM Schev-G6 March 2024"]
[Site "Santa Clara"]
[Date "2024.03.10"]
[Round "3.3"]
[White "Garduno Huerta, Joshua Emiliano"]
[Black "Qi, Jenny"]
[Result "1-0"]
[ECO "A50"]
[WhiteElo "1941"]
[BlackElo "1764"]
[Annotator "RC"]
[PlyCount "115"]
[EventDate "2024.03.06"]
[EventType "schev"]
[EventCountry "USA"]
[SourceTitle "playchess.com"]
[Source "ChessBase"]
[SourceQuality "1"]
[TimeControl "5400+30"]

1. d4 Nf6 2. c4 Nc6 3. Nc3 e5 4. d5 Ne7 5. e4 Ng6 6. Bd3 Bc5 7. Nge2 Ng4 8. Rf1 Nxh2 9. Rh1 Ng4 10. Rf1 Nh4 11. Kd2 Nxf2 12. Qa4 Nxg2 13. b4 Qg5+ 14. Kc2 Ne3+ 15. Bxe3 Qxe3 16. Rxf2 Qxf2 17. bxc5 Qxc5 18. Ng3 g6 19. Rf1 O-O 20. Kd2 Qe7 21. Rg1 d6 22. Qd1 Kh8 23. Qf3 Qg5+ 24. Kc2 f5 25. exf5 Bxf5 26. Bxf5 Rxf5 27. Nxf5 Qxg1 28. Ng3 Qh2+ 29. Kd3 Qh6 30. Qf6+ Qg7 31. Qxg7+ Kxg7 32. Nb5 Rf8 33. Ne4 Rf3+ 34. Ke2 Rf4 35. Ke3 Rxe4+ 36. Kxe4 h5 37. Nxc7 Kf6 38. Nb5 Ke7 39. Nxa7 h4 40. Kf3 g5 41. Nb5 h3 42. Nc3 g4+ 43. Kg3 Kd7 44. Ne4 Kc7 45. a3 Kd7 46. a4 Kc7 47. a5 Kd7 48. Nf6+ Kc7 49. Nxg4 b6 50. a6 Kb8 51. Nf2 Ka7 52. Ne4 Kxa6 53. Nxd6 Ka5 54. Ne4 Ka6 55. Kxh3 b5 56. d6 Kb6 57. cxb5 Kb7 58. Kg4 1-0

[Event "1000GM Schev-G6 March 2024"]
[Site "Santa Clara"]
[Date "2024.03.10"]
[Round "3.4"]
[White "Monroy G., Nataly A."]
[Black "Zhuge, Katherine"]
[Result "1-0"]
[ECO "E05"]
[WhiteElo "1925"]
[BlackElo "1798"]
[Annotator "RC"]
[PlyCount "109"]
[EventDate "2024.03.06"]
[EventType "schev"]
[EventCountry "USA"]
[SourceTitle "playchess.com"]
[Source "ChessBase"]
[SourceQuality "1"]
[TimeControl "5400+30"]

1. d4 d5 2. Nf3 Nf6 3. c4 e6 4. g3 Be7 5. Bg2 O-O 6. O-O dxc4 7. Qc2 a6 8. a4 Bd7 9. Ne5 Bc6 10. Nxc6 Nxc6 11. e3 Nd5 12. Bd2 Rb8 13. Qxc4 Qd7 14. Qe2 Ncb4 15. Nc3 c5 16. Nxd5 Nxd5 17. dxc5 Bxc5 18. Rfd1 Qe7 19. Rac1 Rfc8 20. Bxd5 exd5 21. Qg4 Qe6 22. Qf3 Qe4 23. Qxe4 dxe4 24. Rc4 f5 25. Rdc1 Rd8 26. Ba5 b6 27. Rxc5 bxa5 28. Rxa5 Rxb2 29. Rxf5 Rb4 30. a5 Rb5 31. Rxb5 axb5 32. Rb1 Rb8 33. a6 Ra8 34. Rxb5 Rxa6 35. Rb7 Rc6 36. Kg2 Ra6 37. Rc7 Rb6 38. g4 Ra6 39. h4 Rb6 40. Kg3 Ra6 41. g5 Ra8 42. Re7 Ra4 43. Re5 Rb4 44. Rf5 Rb2 45. h5 Rc2 46. Rf4 Rb2 47. Rxe4 Kf7 48. Ra4 Rb1 49. Ra7+ Kf8 50. f4 Re1 51. Kf3 Rh1 52. h6 gxh6 53. Rxh7 h5 54. Ke4 h4 55. Kf5 1-0

[Event "1000GM Schev-G6 March 2024"]
[Site "Santa Clara"]
[Date "2024.03.10"]
[Round "3.5"]
[White "Penagalapati, Anvitha"]
[Black "Gonzalez Zharikov, Andrey"]
[Result "0-1"]
[ECO "B12"]
[WhiteElo "1642"]
[BlackElo "1993"]
[Annotator "RC"]
[PlyCount "44"]
[EventDate "2024.03.06"]
[EventType "schev"]
[EventCountry "USA"]
[SourceTitle "playchess.com"]
[Source "ChessBase"]
[SourceQuality "1"]
[TimeControl "5400+30"]

1. e4 c6 2. d4 d5 3. e5 Bf5 4. g4 Bd7 5. Nh3 Qc8 6. f3 h5 7. Nf2 c5 8. Nc3 e6 9. Be3 cxd4 10. Bxd4 a6 11. Nd3 Nc6 12. Bf2 Qc7 13. Qe2 Nge7 14. Bg3 d4 15. Ne4 Nd5 16. Nd2 Ne3 17. Rc1 Nb4 18. Nxb4 Bxb4 19. c4 dxc3 20. Kf2 Bb5 21. Nc4 Bxc4 22. Qe1 Nxf1 0-1

[Event "1000GM Schev-G6 March 2024"]
[Site "Santa Clara"]
[Date "2024.03.10"]
[Round "4.1"]
[White "Lorenzana, Wilson Estuardo"]
[Black "Yuan, Serena"]
[Result "1-0"]
[ECO "B33"]
[WhiteElo "2074"]
[BlackElo "1929"]
[Annotator "RC"]
[PlyCount "66"]
[EventDate "2024.03.06"]
[EventType "schev"]
[EventCountry "USA"]
[SourceTitle "playchess.com"]
[Source "ChessBase"]
[SourceQuality "1"]
[TimeControl "5400+30"]

1. e4 c5 2. Nf3 Nc6 3. d4 cxd4 4. Nxd4 Nf6 5. Nc3 e5 6. Ndb5 d6 7. Bg5 a6 8. Na3 b5 9. Bxf6 gxf6 10. Nd5 Bg7 11. Bd3 Ne7 12. c3 Nxd5 13. exd5 f5 14. Qh5 e4 15. Be2 b4 16. Nc4 bxc3 17. b3 f4 18. f3 e3 19. g3 Qf6 20. Bd3 h6 21. gxf4 Qxf4 22. Ke2 O-O 23. Rhg1 Kh8 24. Rg3 Bd4 25. Rag1 Bd7 26. Rg5 Qf6 27. Rg6 fxg6 28. Qxh6+ Kg8 29. Rxg6+ Kf7 30. Rxf6+ Bxf6 31. Bg6+ Ke7 32. Qxe3+ Kd8 33. Qb6+ Ke7 1-0

[Event "1000GM Schev-G6 March 2024"]
[Site "Santa Clara"]
[Date "2024.03.10"]
[Round "4.2"]
[White "Garduno Huerta, Joshua Emiliano"]
[Black "Wu, Jayden"]
[Result "1/2-1/2"]
[ECO "D38"]
[WhiteElo "1941"]
[BlackElo "1909"]
[Annotator "RC"]
[PlyCount "192"]
[EventDate "2024.03.06"]
[EventType "schev"]
[EventCountry "USA"]
[SourceTitle "playchess.com"]
[Source "ChessBase"]
[SourceQuality "1"]
[TimeControl "5400+30"]

1. d4 Nf6 2. c4 e6 3. Nc3 Bb4 4. Qc2 d5 5. Nf3 c5 6. cxd5 Nxd5 7. Bd2 O-O 8. Nxd5 Qxd5 9. Bxb4 cxb4 10. e3 Nc6 11. Bd3 h6 12. Bh7+ Kh8 13. Be4 Qb5 14. Qe2 Qxe2+ 15. Kxe2 Bd7 16. Rac1 Rac8 17. Rc2 a5 18. Rhc1 g5 19. Bxc6 Bxc6 20. Ne5 Bb5+ 21. Kd2 Rxc2+ 22. Rxc2 Bf1 23. g3 Kg7 24. Rc7 Ba6 25. Nd7 Rd8 26. Nc5 Rd5 27. Nxe6+ Kf6 28. Nc5 g4 29. Nxa6 bxa6 30. Rc6+ Kg7 31. Rxa6 Rh5 32. e4 Rxh2 33. Ke3 Rh1 34. Rxa5 Re1+ 35. Kf4 Re2 36. Kxg4 Rxe4+ 37. Kf5 Rxd4 38. b3 Rd2 39. f4 Rg2 40. g4 Rh2 41. Ra4 Rg2 42. Ke4 Re2+ 43. Kd3 Rg2 44. Rxb4 Rxa2 45. Re4 Rb2 46. Kc4 Rc2+ 47. Kb5 Kf6 48. b4 Rc8 49. Kb6 Rg8 50. Kc7 Rxg4 51. b5 Rg1 52. Rc4 h5 53. b6 Kf5 54. Rb4 Rg8 55. b7 h4 56. Rd4 h3 57. Rd5+ Kg4 58. Rg5+ Rxg5 59. b8=Q Kxf4 60. Qb4+ Kg3 61. Qd6+ Kg4 62. Qd1+ Kh4 63. Qd4+ Kg3 64. Qe3+ Kg4 65. Qg1+ Kh4 66. Qf2+ Kg4 67. Kd6 Rf5 68. Qg1+ Kh4 69. Qe1+ Kg4 70. Qe4+ Rf4 71. Qe2+ Kg3 72. Qe3+ Rf3 73. Qg1+ Kf4 74. Qh2+ Kg4 75. Ke5 f6+ 76. Kd4 f5 77. Qg1+ Rg3 78. Qd1+ Kg5 79. Qd2+ f4 80. Qa5+ Kg4 81. Qd2 Kg5 82. Qe2 Re3 83. Qf2 Kg4 84. Qh2 Kg5 85. Qg1+ Rg3 86. Qf2 Re3 87. Qc2 Kg4 88. Qg6+ Kh4 89. Qf5 Kg3 90. Qg5+ Kf3 91. Qh5+ Kg2 92. Qg4+ Rg3 93. Qxf4 h2 94. Qe4+ Kg1 95. Qe1+ Kg2 96. Qe2+ Kg1 1/2-1/2

[Event "1000GM Schev-G6 March 2024"]
[Site "Santa Clara"]
[Date "2024.03.10"]
[Round "4.3"]
[White "Qi, Jenny"]
[Black "Monroy G., Nataly A."]
[Result "0-1"]
[ECO "B78"]
[WhiteElo "1764"]
[BlackElo "1925"]
[Annotator "RC"]
[PlyCount "88"]
[EventDate "2024.03.06"]
[EventType "schev"]
[EventCountry "USA"]
[SourceTitle "playchess.com"]
[Source "ChessBase"]
[SourceQuality "1"]
[TimeControl "5400+30"]

1. e4 c5 2. Nf3 Nc6 3. d4 cxd4 4. Nxd4 g6 5. Nc3 Bg7 6. Be3 Nf6 7. Bc4 d6 8. f3 O-O 9. Qd2 Bd7 10. h4 h5 11. O-O-O Rc8 12. Bb3 Ne5 13. Bg5 Nc4 14. Bxc4 Rxc4 15. Nb3 a5 16. e5 a4 17. exf6 exf6 18. Bf4 axb3 19. cxb3 Rc8 20. Bxd6 Re8 21. Bf8 Rxf8 22. Qxd7 Qa5 23. Rd5 Rxc3+ 24. Kb1 Rc5 25. Rxc5 Qxc5 26. Rc1 Qe5 27. Qc7 Qf5+ 28. Qc2 Qe5 29. Qc7 Qd4 30. Qc4 Qf2 31. Qc2 Qxh4 32. Qe4 Qf2 33. Qc2 Qg3 34. Qe2 f5 35. Qc2 Kh7 36. Rd1 Qe5 37. Rd7 Rc8 38. Qf2 Qe6 39. Rd1 f4 40. Re1 Qd5 41. Qe2 Qf5+ 42. Qe4 Re8 43. Qxf5 Rxe1+ 44. Kc2 gxf5 0-1